 Dungeon Crawl Stone Soup version 0.17.0-15-g6d90897 (webtiles) character file.

174 HaroldButt the Ruffian (level 5, -1/38 HPs)
             Began as a Minotaur Enchanter on Nov 10, 2015.
             Slain by an orc wizard
             ... wielding a +0 dagger
              (6 damage)
             ... on level 4 of the Dungeon.
             The game lasted 00:05:23 (3597 turns).

HaroldButt the Ruffian (Minotaur Enchanter)         Turns: 3597, Time: 00:05:24

Health: -1/38      AC:  3    Str: 19    XL:     5   Next: 28%
Magic:  6/6        EV: 12    Int: 12    God:
Gold:   113        SH:  0    Dex: 11    Spells: 1 memorised, 5 levels left

rFire  . . .     SeeInvis .       - Unarmed
rCold  . . .     Clarity  .     j - +0 leather armour
rNeg   . . .     SustAt   .     (no shield)
rPois  .         Gourm    .     (helmet restricted)
rElec  .         Spirit   .     (no cloak)
rCorr  .         Warding  .     (no gloves)
rMut   .         Stasis   .     (no boots)
MR     .....                    (no amulet)
Stlth  ++........               (no ring)
                                b - +6 ring of strength

@: not resistant to hostile enchantments, unstealthy
A: retaliatory headbutt, horns 2
a: no special abilities


You were on level 4 of the Dungeon.
You were not hungry.

You visited 1 branch of the dungeon, and saw 4 of its levels.

You collected 113 gold pieces.

Inventory:

Missiles
 i - 100 stones (quivered)
 k - 10 poisoned needles
Armour
 h - a +1 buckler
 j - a +0 leather armour (worn)
Jewellery
 b - a +6 ring of strength (left hand)
Wands
 a - a wand of paralysis (11)
Potions
 g - 2 potions of curing
 r - a potion of cancellation
Books
 c - a book of Maledictions

   Spells                             Type                      Level
   a - Corona                         Hexes                        1
   b - Ensorcelled Hibernation        Hexes/Ice                    2
   c - Confuse                        Hexes                        3
   d - Tukima's Dance                 Hexes                        3
   e - Dazzling Spray                 Conjuration/Hexes            3
Comestibles
 d - 6 bread rations
 f - 3 fruits
 l - a meat ration
 o - a royal jelly


   Skills:
   Level 1.1 Short Blades
 - Level 2.1 Dodging
 - Level 2.4 Stealth
 + Level 5.5 Unarmed Combat
 - Level 1.3 Spellcasting
 - Level 2.0 Hexes


You had 5 spell levels left.
You knew the following spells:

 Your Spells              Type           Power        Failure   Level  Hunger
a - Corona                Hex            #......      17%         1    ##.....


Dungeon Overview and Level Annotations

Branches:
Dungeon (4/15)
 Temple: D:4-7

Altars:
Gozag


Innate Abilities, Weirdness & Mutations

You reflexively headbutt those who attack you in melee.
You have a pair of horns on your head.


Message History

You hit something but do no damage. Something hits you but does no damage.
You miss something. Something hits you but does no damage.
You barely miss something. Your headbutt misses something. Something hits you.
You closely miss something. Your headbutt misses something.
Something hits you but does no damage.
You miss something. Your headbutt misses something.
Your punch misses something. Something hits you.
* * * LOW HITPOINT WARNING * * *
You closely miss something. Your headbutt misses something.
Something hits you but does no damage.
You punch something! You barely miss something. Something hits you.
* * * LOW HITPOINT WARNING * * *
You hit something. Something hits you but does no damage.
You miss something. Your headbutt misses something.
Something hits you but does no damage.
You miss something. You headbutt something. Something hits you.
* * * LOW HITPOINT WARNING * * *
You closely miss something. Something hits you.
You die...

#.# #.#
#.# #.#
#.#
########.#
{.o......#
######{#.#
##@###.###
#.## #..
##.###.###
##.#.#
##.# #.#
#.###
#...#
#####.#


There were no monsters in sight!

Vanquished Creatures
  A centaur zombie (D:3)
  An orc priest (D:4)
  Natasha (twice) (D:2)
  An iguana (D:3)
  A worm (D:3)
  3 giant geckos (D:2)
  4 orcs (D:3)
  A ball python (D:1)
  3 giant cockroaches
  6 hobgoblins
  A quokka (D:3)
  5 bats
  6 giant newts
  8 goblins
  3 jackals (D:2)
  5 kobolds
  2 rats (D:1)
53 creatures vanquished.

Notes
Turn   | Place    | Note
--------------------------------------------------------------
     0 | D:1      | HaroldButt the Minotaur Enchanter began the quest for the Orb.
     0 | D:1      | Reached XP level 1. HP: 14/14 MP: 1/1
    53 | D:1      | Reached skill level 1 in Unarmed Combat
   241 | D:1      | Reached XP level 2. HP: 2/20 MP: 3/3
  1513 | D:2      | Found an opulent altar of Gozag.
  1539 | D:2      | Noticed Natasha
  1551 | D:2      | Killed Natasha
  1551 | D:2      | Reached skill level 3 in Unarmed Combat
  1551 | D:2      | Reached XP level 3. HP: 13/26 MP: 4/4
  1781 | D:2      | Noticed Natasha
  2041 | D:2      | Killed Natasha
  2041 | D:2      | Reached skill level 4 in Unarmed Combat
  2041 | D:2      | Reached XP level 4. HP: 21/33 MP: 5/5
  2605 | D:3      | Reached skill level 5 in Unarmed Combat
  3102 | D:3      | Reached XP level 5. HP: 38/38 MP: 6/6
  3597 | D:4      | Slain by an orc wizard

Action                   |  1- 3 |  4- 6 || total
-------------------------+-------+-------++-------
Melee: Dagger            |    88 |       ||    88
       Unarmed           |       |    67 ||    67
  Use: Scroll            |       |     6 ||     6
 Stab: Sleeping          |     2 |     2 ||     4
       Distracted        |     1 |       ||     1
  Eat: Chunk             |     3 |     5 ||     8
